 Dungeon Crawl Stone Soup version 0.28-b1-25-g9875b3fc8c (webtiles) character file.

Game seed: 15903736433845985150

9 mopl the Sneak (level 2, -1/21 HPs)
             Began as an Octopode Delver on Feb 8, 2022.
             Slain by a wyvern zombie (8 damage)
             ... on level 4 of the Dungeon.
             The game lasted 00:00:33 (315 turns).

mopl the Sneak (Octopode Delver)                     Turns: 315, Time: 00:00:34

Health: -1/21      AC:  1    Str: 11    XL:     2   Next: 12%
Magic:  2/2        EV: 13    Int: 12    God:
Gold:   20         SH:  0    Dex: 13    Spells: 1/1 levels left

rFire   . . .      SeeInvis .   a - +0 falchion
rCold   . . .      Faith    .   (no shield)
rNeg    . . .      Spirit   .   (helmet restricted)
rPois   .          Reflect  .   (no amulet)
rElec   .          Harm     .   (no ring)
rCorr   .          Rampage  .   (no ring)
Will    .....                   (no ring)
Stlth   ++++......              (no ring)
HPRegen 0.07/turn               (no ring)
MPRegen 0.08/turn               (no ring)
                                (no ring)
                                (no ring)

@: no status effects
A: almost no armour, amphibious, 8 rings, camouflage 1, gelatinous body 1,
(nimble swimmer 1), tentacles
a: no special abilities


You were on level 4 of the Dungeon.
You visited 1 branch of the dungeon, and saw 2 of its levels.

You collected 20 gold pieces.

Inventory:

Hand Weapons
 a - a +0 falchion (weapon)
Wands
 f - a wand of digging (3)
Scrolls
 b - a scroll of fog
 c - a scroll of magic mapping
 d - a scroll of fear
Potions
 e - a potion of haste
 g - a potion of attraction {unknown}


   Skills:
 + Level 3.0 Fighting
 * Level 2.1 Long Blades
 + Level 2.0 Dodging
 + Level 7.0 Stealth


You had one spell level left.
You didn't know any spells.
Your spell library was empty.

Dungeon Overview and Level Annotations

Branches:
Dungeon (5/15)
 Temple: D:4-7

Altars:

Annotations:
D:5 Pikel


Innate Abilities, Weirdness & Mutations

You cannot wear most types of armour.
You are amphibious.
You can wear up to eight rings at the same time.
Your skin changes colour to match your surroundings (Stealth+).
Your rubbery body absorbs attacks. (AC +1, EV +1)
((You are camouflaged when in or above water. (Stealth+)))
You have tentacles for arms and can constrict up to eight enemies at once.


Message History

You open the door. 3 lemures and an ogre come into view.
The lemure shouts!
The ogre shouts!
Pikel, Merchant of Souls comes into view.
He is wielding a +1 whip of electrocution.
The lemure shouts!
Pikel shouts!
You hear a shout!
Found 3 gold pieces.
Found an escape hatch in the floor.
Found a stone staircase leading up.
You close the door.
You see here 28 stones.
As you open the door, it creaks loudly!
A centaur zombie comes into view.
Found 18 gold pieces and a spear.
Found a ruby potion.
There is an open door here.
As you close the door, it creaks loudly!
There is a stone staircase leading down here.
You open the door.
There is an open door here.
You open the door.
Found 6 gold pieces.
There is an open door here.
You now have 20 gold pieces (gained 6).
Found a stone staircase leading up.
A scorpion comes into view.
There is a stone staircase leading up here.
You climb upwards.
There is a stone staircase leading down here.
You hit the wyvern zombie but do no damage.
You squeeze the wyvern zombie.
The wyvern zombie is lightly damaged.
The wyvern zombie bites you.
You barely miss the wyvern zombie.
The wyvern zombie is lightly damaged.
The wyvern zombie closely misses you. The wyvern zombie bites you!
Ouch! That really hurt!
You are too injured to fight recklessly!
You hit the wyvern zombie but do no damage.
The wyvern zombie is lightly damaged.
The wyvern zombie bites you!
You die...

### #..
#.# ...
#.# #.#
#@#
......Z.#
..#######


You could see a wyvern zombie.

Vanquished Creatures
  An adder (D:5)
1 creature vanquished.

Notes
Turn   | Place    | Note
-------+----------+-------------------------------------------
     0 | D:5      | mopl the Octopode Delver began the quest for the Orb.
     0 | D:5      | Reached XP level 1. HP: 16/16 MP: 1/1
    38 | D:5      | Reached skill level 7 in Stealth
    38 | D:5      | Reached XP level 2. HP: 11/21 MP: 2/2
   229 | D:5      | Noticed a lemure
   229 | D:5      | Noticed a lemure
   229 | D:5      | Noticed a lemure
   229 | D:5      | Noticed an ogre
   229 | D:5      | Noticed Pikel
   304 | D:5      | Noticed a scorpion
   315 | D:4      | Slain by a wyvern zombie

Illustrated notes

Levels and vault maps discovered:
D:4:      layout_basic, nicolae_ashenzari_skybound
D:5:      layout_basic, serial_shops, nicolae_shop_crystal,
          nicolae_shop_clearance, uniq_pikel

Skill      XL: |  1 |
---------------+----+-----
Stealth        | 7 |  7.0
Fighting       | |  3.0
Long Blades    | |  2.1
Dodging        | |  2.0

Action                   || total
-------------------------++-------
Melee: Falchion          ||     6
       Constrict         ||     1
       Tentacles         ||     1
Dodge: Dodged            ||     2
